 Dungeon Crawl Stone Soup version 0.27.1-33-g824d729ab1 (webtiles) character file.

Game seed: 5114390730163346879

165795 Discosetron the Eclecticist (level 18, -25/122 HPs)
             Began as a Djinni Fire Elementalist on Nov 28, 2021.
             Was the Champion of Hepliaklqana.
             Annihilated by a +4 executioner's axe of venom (32 damage)
             ... on level 2 of the Elven Halls on Dec 9, 2021.
             The game lasted 01:40:38 (42888 turns).

Discosetron the Eclecticist (DjFE)                 Turns: 42888, Time: 01:40:39

Health: -25/122    AC: 14    Str:  7    XL:     18   Next: 52%
Gold:   2121       EV: 13    Int: 37    God:    Hepliaklqana [******] SH:  0 Dex: 14

rFire    + + +     SeeInvis .   J - +8 hand axe "Tuguow" {freeze, Int+4}
rCold    . . .     Faith    .   R - +2 kite shield
rNeg     + . .     Spirit   .   u - +5 robe of Proximity {Int+2}
rPois    ∞         Reflect  .   e - +2 hat
rElec    +         Harm     .   U - +2 cloak {rCorr}
rCorr    +         Rampage  .   T - +1 pair of gloves
Will     ++...                  (boots unavailable)
Stlth    +.........             (no amulet)
HPRegen  0.30/turn              d - ring of positive energy
MPRegen  0.00/turn              x - +6 ring of intelligence

@: confused, resistant, ambrosia-drunk, flying, very slightly contaminated,
invisible
A: reduced essence, sickness immunity, fire resistance 2, cold vulnerability 1,
float, innate caster, hp casting, extra vitality 1, antennae 1, strong-willed 1,
evolution 2, noise suppression
a: Renounce Religion, Recall Ancestor, Ancestor Identity, Transference, Idealise


You were on level 2 of the Elven Halls.
You worshipped Hepliaklqana.
Hepliaklqana was exalted by your worship.
You visited 5 branches of the dungeon, and saw 26 of its levels.
You also visited: Sewer, Ossuary, Bailey, Ice Cave and Volcano.

You collected 2951 gold pieces.
You spent 830 gold pieces at shops.

Inventory:

Hand Weapons
 l - a +0 hand axe of freezing
 t - a +6 rapier of venom
 J - the +8 hand axe "Tuguow" (weapon) {freeze, Int+4}
   (You found it on level 11 of the Dungeon)

   It freezes those it strikes, dealing additional cold damage.
   It can also slow down cold-blooded creatures.
   Int:       It affects your intelligence (+4).
Missiles
 K - 7 throwing nets
Armour
 e - a +2 hat (worn)
 u - the +5 robe of Proximity (worn) {Int+2}
   (You found it on level 8 of the Dungeon)

   Int:       It affects your intelligence (+2).
 R - a +2 kite shield (worn)
 T - a +1 pair of gloves (worn)
 U - a +2 cloak of preservation (worn)
 V - a scarf of shadows
 W - a +1 kite shield of fire resistance
Magical Staves
 B - a staff of cold
 S - a staff of fire
Jewellery
 a - a +4 ring of protection
 b - a ring of resist corrosion
 d - a ring of positive energy (left hand)
 x - a +6 ring of intelligence (right hand)
 y - a +6 ring of dexterity
 D - a ring of wizardry
 O - a ring of positive energy
Wands
 w - a wand of iceblast (28)
 z - a wand of polymorph (39)
 E - a wand of charming (14)
 I - a wand of flame (38)
 N - a wand of digging (6)
 Q - a wand of mindburst (8)
Scrolls
 h - 14 scrolls of teleportation
 n - 9 scrolls of noise
 p - 14 scrolls of identify
 q - 2 scrolls of fear
 s - a scroll of brand weapon
 A - 3 scrolls of enchant armour
 G - 3 scrolls of immolation
 H - a scroll of silence
 L - 7 scrolls of enchant weapon
Potions
 c - 7 potions of attraction
 f - 6 potions of brilliance
 g - 10 potions of haste
 i - 8 potions of curing
 j - a potion of resistance
 k - 6 potions of might
 m - 5 potions of cancellation
 C - a potion of ambrosia
 M - 5 potions of mutation


   Skills:
 + Level 14.3 Fighting
 + Level 6.3 Dodging
 - Level 1.5 Stealth
 * Level 7.3 Shields
 + Level 19.6 Spellcasting


You had 10 spell levels left.
You knew the following spells:

 Your Spells              Type           Power      Damage    Failure   Level
a - Searing Ray           Conj           100%       3d7       0%          2
b - Foxfire               Conj/Fire      100%       2x1d9     0%          1
c - Inner Flame           Hex/Fire       100%       N/A       0%          3
d - Sticky Flame          Conj/Fire      100%       2d11      0%          4
e - Sandblast             Erth           100%       2d20      0%          1
f - Conjure Flame         Conj/Fire      100%       6-21      0%          3
g - Fireball              Conj/Fire      55%        3d21      1%          5
h - Simulacrum            Ice/Necr       55%        N/A       1%          6
i - Silence               Hex/Air        55%        N/A       1%          5
j - Ozocubu's Armour      Ice            100%       N/A       0%          3
l - Invisibility          Hex            55%        N/A       1%          6
u - Blink                 Tloc           N/A        N/A       0%          2
y - Irradiate             Conj/Tmut      55%        3d32      1%          5
Your spell library was empty.

Dungeon Overview and Level Annotations

Branches:
Dungeon (15/15) Temple (0/1) D:5 Lair (6/6) D:9 Shoals (0/4) Lair:3 Snake (1/4) Lair:4 Slime (0/5) Lair:6 Orc (2/2) D:11 Elf (2/3) Orc:2 Vaults (0/5) D:13 D:14 Depths (0/5) D:15 Sewer (visited) Ossuary (visited) Bailey (visited) IceCv (visited) Volcano (visited)

Altars:
Cheibriados
Fedhas
Hepliaklqana
Kikubaaqudgha
Makhleb
Sif Muna
Trog
Zin
Beogh

Shops:
D:13 (!   Orc:1 [   Orc:2 [?*(*   Elf:1 :   Elf:2 *

Annotations:
Elf:1 2 transporters, kr4n3x's ghost, adept GnWn


Innate Abilities, Weirdness & Mutations

Your life essence is reduced to manifest your ancestor. (-10% HP)
You are immune to sickness and miasma.
You are immune to poison.
Your flesh is very heat resistant. (rF++)
You are vulnerable to cold. (rC-)
You float through the air rather than walking.
You learn spells naturally, not from books.
Your magical power is your life essence.
You have superior vitality. (+4 HP)
You have a pair of small antennae on your head.
You are strong-willed. (Will+)
You rapidly evolve.
You passively dampen the noise of your surroundings.


Message History

The searing ray hits the deep elf zephyrmancer!
The deep elf zephyrmancer is moderately wounded.
* * * LOW HITPOINT WARNING * * *
You finish channeling your searing ray.
The +3 short sword of draining hits Ella.
You hear some strange, mumbled words.
The +3 short sword of draining hits Ella but does no damage.
Ella hits the +3 short sword of draining with a +0 broad axe of flaming!
The +3 short sword of draining falls from the air.
Ella hits the +4 executioner's axe of venom but does no damage.
Welcome back, Discosetron the Djinni Fire Elementalist.
Hepliaklqana says: Your past becomes your present!
Press ? for a list of commands and other information.
Unknown command.
Unknown command.
You hear a loud twanging sound.
An arrow appears from out of thin air!
The arrow hits Ella!!
Ella is destroyed!
You hear a loud twanging sound.
An arrow appears from out of thin air!
Deactivating autopickup; reactivate with Ctrl-A.
The arrow hits you!!
* * * LOW HITPOINT WARNING * * *
Unknown command.
Unknown command.
Press: ? - help, v - describe, . - travel
Here: a +4 executioner's axe of venom The floor.
Unknown command.
You fade into invisibility!
You hear a loud twanging sound.
An arrow appears from out of thin air!
You block the arrow.
You are very lightly contaminated with residual magic.
You are confused.
You feel invigorated.
You hear a loud twanging sound.
An arrow appears from out of thin air!
The arrow hits you.
* * * LOW HITPOINT WARNING * * *
The +4 executioner's axe of venom hits you!!
You die...

#### ######## ######## ####
###### ###### ###### #####
...####....###....####....###....
....##....#...#....##....#...#...
#........#.)...#........#.....#..
.#......#.(.....#.)....#)......#.
..#....#.........#....#.........#
...#..#...........#e.#...[.......
....##..........@(.##)e..........
....##.............##............
...#..#...........#..#...........
..#....#.........#....#.........#
.#......#.......#..)...#.......#.
#........#.....#........#....R#..
..........#...#..........#...#...
..........)###............###(.).
...........# #............# #....


You could see a deep elf zephyrmancer and a +4 executioner's axe of venom.

Vanquished Creatures
  Asterion (Elf:1)
  Kirke (Elf:1)
  The ghost of SafestHooves the Brawler, a journeyman CeMo of Okawaru (D:15)
  Nessos (D:14)
  2 deep elf annihilators
  2 white draconians (IceCv)
  An ettin (D:15)
  A deep elf death mage (Orc:2)
  A deep elf high priest (Elf:1)
  2 naga warriors (Snake:1)
  5 hydras
  5 boulder beetles
  A rakshasa (D:15)
  4 catoblepae
  An anaconda (Snake:1)
  4 centaur warriors
  2 ogre magi (D:15)
  7 two-headed ogres
  11 dancing weapons
  4 death yaks (Lair:6)
  A tengu warrior (D:15)
  Urug (Orc:1)
  4 orc high priests (Orc:2)
  A shock serpent (Snake:1)
  A hell knight (Volcano)
  Sonja (Lair:4)
  5 deep elf knights
  A lindwurm (Lair:4)
  6 deep elf archers
  Pikel (D:6)
  A wizard (D:14)
  A necromancer (D:15)
  3 oklob plants (Lair:6)
  10 deep elf zephyrmancers
  2 mana vipers (Snake:1)
  15 deep elf pyromancers
  6 orc knights
  4 orc sorcerers
  A cyclops (D:13)
  11 elephants (Lair:6)
  7 black mambas
  A salamander (Snake:1)
  Maurice (D:11)
  A guardian serpent (Snake:1)
  A black mamba (shapeshifter) (D:15)
  A naga mage (Snake:1)
  2 torpor snails
  A gargoyle (D:12)
  A storm dragon simulacrum (IceCv)
  5 cane toads
  A rime drake (Lair:1)
  A yaktaur (Volcano)
  4 komodo dragons
  2 freezing wraiths (D:14)
  A golden dragon simulacrum (IceCv)
  6 blink frogs
  6 polar bears
  2 trolls
  A wolf spider simulacrum (D:15)
  3 hornets
  12 slime creatures
  8 dream sheep
  An air elemental (Elf:1)
  3 shadows
  A vampire (D:8)
  12 humans
  32 yaks
  2 wyverns
  3 hogs (Elf:1)
  Eustachio (D:6)
  A water elemental (Elf:1)
  4 basilisks
  3 vampire mosquitoes
  An acid dragon (D:12)
  13 water moccasins
  20 orc warriors
  A sky beast (D:8)
  A black bear (D:8)
  6 wolves
  12 ogres
  2 necrophages
  3 ice dragon simulacra (IceCv)
  4 lemures (D:6)
  4 kobold brigands
  18 centaurs
  An elf zombie (D:6)
  An earth elemental (Elf:1)
  8 bullfrogs
  A lindwurm simulacrum (IceCv)
  3 wights (D:9)
  2 electric eels (Lair:3)
  A howler monkey (D:9)
  A lava snake (D:11)
  4 centaur zombies
  2 jellies (D:5)
  2 hounds
  2 human zombies (Ossuary)
  24 orc priests
  A gnoll shaman (D:4)
  6 hell rats (Lair:6)
  An iguana (D:9)
  11 orc wizards
  2 human skeletons (D:6)
  A hound skeleton (D:7)
  A mummy (Ossuary)
  A howler monkey zombie (D:10)
  7 gnolls
  3 adders
  3 river rats (D:3)
  A shadow imp (D:7)
  An ufetubus (D:4)
  An adder skeleton (D:4)
  A dart slug (D:3)
  57 orcs
  11 bats
  5 endoplasms
  3 giant cockroaches
  12 goblins
  13 hobgoblins
  4 jackals (D:1)
  28 kobolds
  3 quokkas
  6 ball pythons
  3 frilled lizards
  A goblin zombie (Ossuary)
  2 hobgoblin zombies (Ossuary)
  A kobold zombie (Ossuary)
  2 orc zombies
  9 rats
  26 foxfires
628 creatures vanquished.

Vanquished Creatures (collateral kills)
  Gastronok (Lair:2)
  Aizul (Elf:1)
  A deep elf death mage (Elf:2)
  Harold (D:11)
  6 hydras
  A catoblepas (D:13)
  Erica (D:8)
  3 centaur warriors
  4 two-headed ogres
  A death yak (Lair:6)
  A deep troll shaman (Lair:6)
  8 dancing weapons (Elf:2)
  2 orc high priests
  A shock serpent (Snake:1)
  2 deep elf knights (Elf:2)
  A lindwurm (Lair:5)
  7 deep elf zephyrmancers
  7 deep elf pyromancers
  2 orc knights (Orc:2)
  A deep elf archer (Elf:2)
  A wizard (D:15)
  A mana viper (Snake:1)
  A salamander (Snake:1)
  A cyclops (D:15)
  An elephant (Lair:6)
  3 black mambas
  4 cane toads
  2 gargoyles
  A rime drake (Lair:3)
  A freezing wraith (D:14)
  3 komodo dragons
  A yaktaur (Volcano)
  2 polar bears
  Grinder (D:5)
  3 blink frogs
  7 slime creatures
  2 shadows (D:13)
  A vampire (D:9)
  5 wyverns
  2 basilisks
  5 humans
  3 fire elementals
  18 yaks
  5 vampire mosquitoes
  An acid dragon (D:8)
  5 water moccasins
  18 orc warriors
  A sky beast (D:3)
  2 ogres
  5 wolves
  5 centaurs
  A phantom (D:5)
  2 bullfrogs
  A kobold brigand (Sewer)
  An elf zombie (D:6)
  A gnoll sergeant (D:9)
  2 elf skeletons (D:6)
  An earth elemental (Elf:1)
  A scorpion (D:4)
  A water moccasin zombie (D:5)
  A wight (D:9)
  2 howler monkeys (D:6)
  A centaur zombie (Ossuary)
  A human zombie (D:6)
  4 orc priests
  A hound (D:5)
  3 human skeletons (D:6)
  3 iguanas
  3 orc wizards
  3 hell rats (Lair:6)
  A hound zombie (D:5)
  A hound skeleton (D:4)
  2 mummies (Ossuary)
  Robin (D:4)
  11 gnolls
  An adder (D:5)
  A worm (D:4)
  13 orcs
  A bat (D:2)
  A giant cockroach (D:3)
  3 goblins (D:4)
  6 hobgoblins
  4 jackals
  9 kobolds
  A rat (Sewer)
  24 foxfires
276 creatures vanquished.

Vanquished Creatures (others)
  19 knights
  An ancestor (Sewer)
  2400 foxfires
  18 fungi
  28 plants
2466 creatures vanquished.

Grand Total: 3370 creatures vanquished

Notes
Turn   | Place    | Note
-------+----------+-------------------------------------------
     0 | D:1      | Discosetron the Djinni Fire Elementalist began the quest
                  | for the Orb.
     0 | D:1      | Reached XP level 1. HP: 15/15 MP: 0/0
   340 | D:1      | Reached XP level 2. HP: 19/22 MP: 0/0
   791 | D:1      | Reached skill level 3 in Spellcasting
   794 | D:1      | Reached XP level 3. HP: 8/26 MP: 0/0
   794 | D:1      | Learned a level 1 spell: Sandblast
  1042 | D:1      | Reached skill level 1 in Fighting
  1332 | D:1      | Found a faded altar of an unknown god.
  1428 | D:1      | Noticed a golden eye
  1430 | D:1      | Noticed a floating eye
  1436 | D:1      | Noticed a shining eye
  1439 | D:1      | Noticed a shining eye
  1451 | D:1      | Became a worshipper of Hepliaklqana the Forgotten
  1451 | D:1      | Reached * piety under Hepliaklqana
  1941 | D:2      | Reached XP level 4. HP: 23/28 MP: 0/0
  2904 | D:3      | Found a glowing drain.
  2931 | Sewer    | Entered a sewer
  3224 | Sewer    | Noticed a kobold brigand
  3233 | Sewer    | Reached XP level 5. HP: 26/34 MP: 0/0
  3233 | Sewer    | Learned a level 2 spell: Searing Ray
  3233 | Sewer    | Killed a kobold brigand
  3234 | Sewer    | Reached skill level 4 in Spellcasting
  3589 | Sewer    | Reached XP level 6. HP: 34/38 MP: 0/0
  3758 | Sewer    | Reached ** piety under Hepliaklqana
  3759 | Sewer    | Remembered your ancestor Ella as a knight
  3806 | Sewer    | Reached skill level 5 in Spellcasting
  3808 | Sewer    | Reached XP level 7. HP: 21/44 MP: 0/0
  3808 | Sewer    | Learned a level 2 spell: Blink
  3997 | Sewer    | Reached skill level 11 in Spellcasting
  3997 | Sewer    | Reached XP level 8. HP: 49/49 MP: 0/0
  4399 | D:3      | You are sucked into a shaft and drop 3 floors!
  4455 | D:6      | Noticed Pikel
  4853 | D:6      | Killed Pikel
  4854 | D:6      | Reached XP level 9. HP: 14/54 MP: 0/0
  4854 | D:6      | Learned a level 3 spell: Ozocubu's Armour
  5015 | D:6      | Found a sand-covered staircase.
  5028 | Ossuary  | Entered an ossuary
  5270 | Ossuary  | Gained mutation: You have a beak for a mouth. [potion of
                  | mutation]
  5884 | D:6      | Noticed Eustachio
  5998 | D:6      | Killed Eustachio
  6602 | D:6      | Found a bloodstained altar of Trog.
  6608 | D:6      | Found a snail-covered altar of Cheibriados.
  6777 | D:5      | Entered Level 5 of the Dungeon
  7139 | D:5      | Found a staircase to the Ecumenical Temple.
  7337 | D:5      | Reached XP level 10. HP: 60/60 MP: 0/0
  7360 | D:5      | Reached skill level 12 in Spellcasting
  7474 | D:5      | Noticed Grinder
  7527 | D:5      | Killed Grinder
  7924 | D:4      | Reached *** piety under Hepliaklqana
  8496 | D:4      | Noticed Robin
  8511 | D:4      | Killed Robin
  9105 | D:7      | Found a flagged portal.
  9120 | Bailey   | Entered a bailey
 10110 | Bailey   | Gained mutation: You tend to lose your temper in combat.
                  | [potion of mutation]
 10110 | Bailey   | Lost mutation: You tend to lose your temper in combat.
                  | [potion of mutation]
 10110 | Bailey   | Gained mutation: You expend health (3 HP) to strengthen
                  | your wands. [potion of mutation]
 10111 | Bailey   | Lost mutation: You expend health (3 HP) to strengthen your
                  | wands. [potion of mutation]
 10111 | Bailey   | Lost mutation: You have a beak for a mouth. [potion of
                  | mutation]
 10111 | Bailey   | Gained mutation: You are robust. (+10% HP) [potion of
                  | mutation]
 10112 | Bailey   | Lost mutation: You are robust. (+10% HP) [potion of
                  | mutation]
 10112 | Bailey   | Gained mutation: Your body sometimes deteriorates upon
                  | taking damage. [potion of mutation]
 10112 | Bailey   | Gained mutation: You evolve. [potion of mutation]
 10159 | D:7      | Found a burning altar of Makhleb.
 10603 | D:8      | Noticed a two-headed ogre
 10613 | D:8      | Killed a two-headed ogre
 10650 | D:8      | Noticed Erica
 10670 | D:8      | Killed Erica
 10671 | D:8      | Reached skill level 5 in Fighting
 10765 | D:8      | Reached **** piety under Hepliaklqana
 10784 | D:8      | Reached XP level 11. HP: 24/67 MP: 0/0
 10784 | D:8      | Learned a level 5 spell: Irradiate
 10923 | D:8      | Reached skill level 10 in Fighting
 10923 | D:8      | Reached XP level 12. HP: 47/81 MP: 0/0
 11087 | D:8      | Identified the +5 robe of Proximity {Int+2}
 11359 | D:9      | Found a glowing silver altar of Zin.
 11695 | D:9      | Found a staircase to the Lair.
 11707 | D:9      | Reached skill level 13 in Spellcasting
 12287 | D:9      | Noticed a centaur warrior
 12295 | D:9      | Killed a centaur warrior
 12493 | D:9      | Noticed a boulder beetle
 12510 | D:9      | Killed a boulder beetle
 12772 | D:10     | Entered Level 10 of the Dungeon
 12772 | D:10     | Noticed a two-headed ogre
 12776 | D:10     | Killed a two-headed ogre
 13049 | D:10     | Reached ***** piety under Hepliaklqana
 13211 | D:10     | Gained mutation: You passively dampen the noise of your
                  | surroundings. [evolution]
 13404 | D:11     | Found a staircase to the Orcish Mines.
 13806 | D:11     | Noticed Maurice
 13817 | D:11     | Killed Maurice
 13918 | D:11     | Noticed a catoblepas
 14097 | D:11     | Noticed a two-headed ogre
 14104 | D:11     | Killed a catoblepas
 14105 | D:11     | Reached skill level 14 in Spellcasting
 14105 | D:11     | Reached XP level 13. HP: 57/89 MP: 0/0
 14105 | D:11     | Learned a level 5 spell: Silence
 14283 | D:11     | Identified the +8 hand axe "Tuguow" {freeze, Int+4}
 14444 | D:11     | Noticed Harold
 14456 | D:11     | Killed Harold
 15124 | D:12     | Noticed a boulder beetle
 15156 | D:12     | Killed a boulder beetle
 16116 | D:12     | Found a blossoming altar of Fedhas.
 16784 | D:13     | Found Nulero's Distillery.
 16949 | D:13     | Noticed a centaur warrior
 16952 | D:13     | Killed a centaur warrior
 17148 | D:13     | Bought a potion of mutation for 112 gold pieces
 17168 | D:13     | Noticed a catoblepas
 17180 | D:13     | Killed a catoblepas
 17528 | D:13     | Found Anu Ogg's Weapon Shoppe.
 17849 | D:13     | Noticed a boulder beetle
 17874 | D:13     | Killed a boulder beetle
 17875 | D:13     | Reached skill level 15 in Spellcasting
 18128 | D:13     | Noticed a six-headed hydra
 18137 | D:13     | Killed a six-headed hydra
 18138 | D:13     | Reached XP level 14. HP: 89/95 MP: 0/0
 18640 | D:14     | Noticed Nessos
 18640 | D:14     | Found a gate to the Vaults.
 19150 | D:14     | Found a frozen archway.
 19167 | IceCv    | Entered an ice cave
 19454 | IceCv    | Noticed a white draconian
 19454 | IceCv    | Noticed a white draconian
 19460 | IceCv    | HP: 2/95 [white draconian/blast of cold (48)]
 19470 | IceCv    | Killed a white draconian
 19471 | IceCv    | Killed a white draconian
 19842 | IceCv    | Noticed a white draconian
 20358 | IceCv    | Noticed a white draconian
 20722 | D:14     | Killed Nessos
 20866 | D:14     | Gained mutation: You possess an exceptional clarity of
                  | mind. [evolution]
 21127 | D:14     | Lost mutation: Your body sometimes deteriorates upon taking
                  | damage. [potion of mutation]
 21127 | D:14     | Lost mutation: You passively dampen the noise of your
                  | surroundings. [potion of mutation]
 21127 | D:14     | Lost mutation: You possess an exceptional clarity of mind.
                  | [potion of mutation]
 21127 | D:14     | Gained mutation: You passively dampen the noise of your
                  | surroundings. [potion of mutation]
 21127 | D:14     | Gained mutation: You are strong-willed. (Will+) [potion of
                  | mutation]
 21127 | D:14     | Gained mutation: You rapidly evolve. [potion of mutation]
 21996 | D:15     | Entered Level 15 of the Dungeon
 22068 | D:15     | Reached skill level 16 in Spellcasting
 22169 | D:15     | Found a staircase to the Depths.
 22361 | D:15     | Reached XP level 15. HP: 93/101 MP: 0/0
 22361 | D:15     | Learned a level 6 spell: Invisibility
 22854 | D:15     | Found a runed translucent door.
 22855 | D:15     | Noticed SafestHooves's ghost (journeyman CeMo)
 23420 | D:15     | Killed SafestHooves's ghost
 24248 | Lair:1   | Entered Level 1 of the Lair of Beasts
 24612 | Lair:1   | Reached ****** piety under Hepliaklqana
 25537 | Lair:2   | Reached skill level 5 in Dodging
 25773 | Lair:2   | Noticed Gastronok
 25781 | Lair:2   | Killed Gastronok
 25782 | Lair:2   | Reached skill level 17 in Spellcasting
 26062 | Lair:2   | Gained mutation: You have a pair of small antennae on your
                  | head. [evolution]
 27470 | Lair:3   | Found a staircase to the Shoals.
 27868 | Lair:4   | Noticed Sonja
 27875 | Lair:4   | Killed Sonja
 28333 | Lair:4   | Reached XP level 16. HP: 84/108 MP: 0/0
 28701 | Lair:4   | Reached skill level 1 in Shields
 29325 | Lair:4   | Found a staircase to the Snake Pit.
 30682 | Lair:6   | Entered Level 6 of the Lair of Beasts
 31460 | Lair:6   | Found a staircase to the Slime Pits.
 32350 | Lair:6   | Reached skill level 18 in Spellcasting
 33067 | Snake:1  | Entered Level 1 of the Snake Pit
 33071 | Snake:1  | Identified the +7 trident of Bujan {vorpal, Fly rPois rC+
                  | Will-}
 33344 | Snake:1  | Reached XP level 17. HP: 26/115 MP: 0/0
 33344 | Snake:1  | Learned a level 6 spell: Simulacrum
 33848 | Orc:1    | Entered Level 1 of the Orcish Mines
 33873 | Orc:1    | Found Bomoa's Antique Armour Boutique.
 33881 | Orc:1    | Bought a glowing cloak for 210 gold pieces
 33881 | Orc:1    | Bought a runed scarf for 224 gold pieces
 33923 | Orc:1    | Found a dark tunnel.
 33935 | Volcano  | Entered a volcano
 35093 | Orc:1    | Noticed Urug
 35099 | Orc:1    | Killed Urug
 35266 | Orc:2    | Entered Level 2 of the Orcish Mines
 35279 | Orc:2    | Found Ecixteah's Antique Armour Boutique.
 35615 | Orc:2    | Found a staircase to the Elven Halls.
 36675 | Orc:2    | Reached skill level 5 in Shields
 37558 | Orc:2    | Found Suklit's Magic Scroll Emporium.
 37558 | Orc:2    | Found Jeczud's Assorted Antiques.
 37559 | Orc:2    | Found Waosob's Assorted Antiques.
 37559 | Orc:2    | Found Guneuk's Weapon Emporium.
 37567 | Orc:2    | Bought a potion of mutation for 208 gold pieces
 37811 | Elf:1    | Entered Level 1 of the Elven Halls
 37811 | Elf:1    | Noticed Asterion
 37815 | Elf:1    | Killed Asterion
 38779 | Elf:1    | Found a transporter.
 38781 | Elf:1    | Found a transporter.
 38782 | Elf:1    | Found a bloodstained altar of Trog.
 38782 | Elf:1    | Identified the +4 longbow of Rezughit {freeze, MP+9 Int-2
                  | SInv}
 38782 | Elf:1    | Noticed a deep elf master archer
 38782 | Elf:1    | Noticed a deep elf blademaster
 38783 | Elf:1    | Noticed kr4n3x's ghost (adept GnWn)
 38794 | Elf:1    | Noticed a deep elf blademaster
 38940 | Elf:1    | Noticed Kirke
 38945 | Elf:1    | Killed Kirke
 38952 | Elf:1    | Reached skill level 19 in Spellcasting
 39556 | Elf:1    | Noticed Aizul
 39573 | Elf:1    | Killed Aizul
 39758 | Elf:1    | Found Xixu Dey's Book Emporium.
 40220 | Elf:2    | Reached XP level 18. HP: 105/122 MP: 0/0
 40397 | Elf:2    | Found Oxtaerade's Assorted Antiques.
 40405 | Elf:2    | Bought a scroll labelled MANOKK NYSUMU for 38 gold pieces
 40405 | Elf:2    | Bought a scroll labelled VORPHA NANECVEUN for 38 gold
                  | pieces
 40408 | Elf:2    | Acquired 619 gold pieces
 40531 | Elf:2    | Identified the +5 scale mail of Uskayaw's Regard {Will-
                  | Int+4 Dex+4}
 41415 | Elf:2    | Found a runed translucent gate.
 41415 | Elf:2    | Found a runed translucent gate.
 41415 | Elf:2    | Found a runed translucent gate.
 42886 | Elf:2    | HP: 5/122 [something (24)]
 42888 | Elf:2    | Annihilated by a +4 executioner's axe of venom

Illustrated notes

Levels and vault maps discovered:
D:1:      kennysheep_arrival_seaside, layout_rooms,
          hellmonk_ecumenical_altar_watching_god, minmay_indecisive_spiral
D:2:      layout_rooms, chequers_arboretum, minmay_pentomino_s2
D:3:      layout_basic, portal_sewer_entry_b
D:4:      layout_loops_ring, uniq_robin
D:5:      layout_loops_ring, minmay_temple_entry_poolview, st_stairs_1,
          uniq_grinder
D:6:      layout_rooms, grunt_temple_overflow_diamond,
          nicolae_ossuary_entry_catacombs, serial_co_window_serial,
          co_window_corner_a, co_window_paths_b, co_window_paths_a,
          co_window_corner_a, co_window_paths_a, co_window_corner_b,
          co_window_corner_b, co_window_cross_4, co_window_unsneaky_path_c,
          co_window_2corner, co_window_of_opportunity_c, co_window_broadway_c,
          co_window_4corner_b, glass_columns_b, glass_columns_b,
          glass_columns_a, uniq_eustachio, uniq_pikel
D:7:      layout_basic, makhleb_blood_cavern_becter, enter_bailey_5
D:8:      kennysheep_ambush_hall, layout_rooms, uniq_erica
D:9:      layout_small_grid, mainiacjoe_overflow_brackets,
          minmay_lair_entry_grove, nzn_sisyphean_effort
D:10:     layout_rooms, mainiacjoe_overflow_alcove_2
D:11:     layout_basic, minmay_orc_entry_temple_small, kennysheep_island_fort,
          uniq_maurice, uniq_harold
D:12:     layout_gridville, special_room [special_room_orc],
          fedhas_ov_isle_minmay
D:13:     layout_stronghold, serial_shops, nicolae_inconvenience_store,
          nicolae_stop_n_shop_1, serial_column_ruins, column_ruins_hut,
          column_ruins_hut_ruined, column_ruins_columns_straight,
          column_ruins_open_tiny, column_ruins_open_tiny,
          column_ruins_open_small, column_ruins_columns_corner,
          column_ruins_open_tiny, column_ruins_grid_1
D:14:     layout_gridville, david_vaults_3, minmay_misc_feat_four_crosses,
          portal_ice_cave_entry_frozen_things, minmay_unpleasant_kobolds
D:15:     hangedman_depths_entry_civil_slaughter, layout_gridville,
          ebering_ghost_inner_flame, minmay_misc_feat_room
Lair:1:   layout_cave_pods, st_stairs_10, grunt_megastairs_4
Lair:2:   layout_roguey, serial_bayou_crossing, uniq_gastronok
Lair:3:   layout_gridlike, elwin_shoals_entry_rocks, serial_bayou_shore_a
Lair:4:   nzn_winding_woodlands_three_and_one
          [nzn_winding_woodlands_5x15_split_checker,
          nzn_winding_woodlands_5x15_cabin,
          nzn_winding_woodlands_5x15_sidewinder,
          nzn_winding_woodlands_center_triple_pond], layout_big_grid, uniq_sonja
Lair:5:   layout_regular_city, grunt_megastairs_5, uniq_nessos
Lair:6:   grunt_lair_end_beastmaster, layout_small_grid,
          minmay_slime_entry_oklob_enclosed
Snake:1:  cheibrodos_forgotten_conduit, layout_cave_pods, serial_shops,
          nicolae_shop_window_shopping, serial_bayou_shore_b
Orc:1:    layout_caves, nicolae_volcano_entry_two_sided, serial_shops,
          nicolae_shop_statue_plus, basic_altar, uniq_urug
Orc:2:    st_orc_pillars, layout_caves, serial_shops, shop
Elf:1:    layout_gridlike, gammafunk_ghost_wrathful_warriors, serial_shops,
          shop, minmay_elf_crystal_heptagon, uniq_kirke, uniq_aizul,
          uniq_asterion
Elf:2:    nicolae_elf_blades_splatter_lattice [mumra_blade_entry_dagger],
          layout_rooms, serial_shops, nicolae_shop_crystal

Skill      XL: |  1  2  3  4  5  6  7  8  9 10 11 12 13 14 15 16 17 18 |
---------------+-------------------------------------------------------+-----
Spellcasting   | 3 4 5 11 12 14 15 16 17 18 19 | 19.6
Fighting       | 1 2 3 4 5 10 11 12 13 14 | 14.3
Dodging        | 3 4 5 6 |  6.3
Shields        | 4 6 7 |  7.3
Stealth        | |  1.5

Action                   |  1- 3 |  4- 6 |  7- 9 | 10-12 | 13-15 | 16-18 || total
-------------------------+-------+-------+-------+-------+-------+-------++-------
Melee: Hand axe          |       |     2 |     3 |       |       |       ||     5
       Unarmed           |       |     1 |       |       |       |       ||     1
       Rapier            |       |       |     3 |     1 |       |       ||     4
       Staff             |       |       |       |       |       |     3 ||     3
 Cast: Foxfire           |    97 |   117 |    88 |   287 |   483 |   345 ||  1417
       Sticky Flame      |       |       |    26 |    22 |    34 |    19 ||   101
       Searing Ray       |       |       |     1 |     1 |    22 |    75 ||    99
       Conjure Flame     |       |       |     1 |       |       |       ||     1
       Fireball          |       |       |       |     9 |   122 |   201 ||   332
       Blink             |       |       |       |     1 |     6 |       ||     7
       Irradiate         |       |       |       |    10 |    15 |    18 ||    43
       Ozocubu's Armour  |       |       |       |       |     1 |     1 ||     2
       Invisibility      |       |       |       |       |     1 |     1 ||     2
Invok: Recall Ancestor   |     2 |     1 |     1 |     2 |     2 |     2 ||    10
       Ancestor Identity |     1 |     1 |       |     1 |       |       ||     3
       Ancestor Life: Kn |       |     1 |       |       |       |       ||     1
Evoke: Wand              |       |       |       |       |     1 |       ||     1
  Use: Scroll            |       |     3 |     4 |     4 |     5 |     8 ||    24
       Potion            |       |       |    14 |     7 |     7 |     5 ||    33
Armor: Robe              |     3 |     3 |    17 |    21 |    37 |    23 ||   104
Dodge: Dodged            |     5 |    13 |    43 |    46 |    72 |    49 ||   228
Block: Kite shield       |       |       |       |       |       |    45 ||    45
